 Dungeon Crawl Stone Soup version 0.29.1-1-gd02db6906a (webtiles) character file.

Game seed: 733726437306666166

7 gzilladon the Chopper (level 2, -2/27 HPs)
             Began as a Hill Orc Monk on Sept 23, 2022.
             Slain by a jackal (3 damage)
             ... on level 1 of the Dungeon.
             The game lasted 00:00:45 (75 turns).

gzilladon the Chopper (Hill Orc Monk)                 Turns: 75, Time: 00:00:45

Health: -2/27      AC:  2    Str: 13    XL:     2   Next: 0%
Magic:  2/2        EV:  9    Int: 10    God:
Gold:   0          SH:  0    Dex: 13    Spells: 1/1 levels left

rFire   . . .      SeeInvis .   a - +0 hand axe
rCold   . . .      Faith    .   (no shield)
rNeg    . . .      Spirit   .   b - +0 robe
rPois   .          Reflect  .   (no helmet)
rElec   .          Harm     .   (no cloak)
rCorr   .          Rampage  .   (no gloves)
Will    .....                   (no boots)
Stlth   ++........              (no amulet)
HPRegen 0.09/turn               (no ring)
MPRegen 0.08/turn               (no ring)

@: constricted
A: no striking features
a: no special abilities


You were on level 1 of the Dungeon.
You visited 1 branch of the dungeon, and saw 1 of its levels.

Inventory:

Hand Weapons
 a - a +0 hand axe (weapon)
Armour
 b - a +0 robe (worn)
Scrolls
 d - a scroll of enchant armour {unknown}
Potions
 c - a potion of ambrosia
 e - a potion of curing {unknown}


   Skills:
 * Level 4.0 Fighting
 + Level 4.1 Axes
 + Level 2.5 Dodging
 - Level 1.5 Stealth


You had one spell level left.
You didn't know any spells.
Your spell library was empty.

Dungeon Overview and Level Annotations

Branches:
Dungeon (1/15)

Altars:


Message History

A frilled lizard comes into view.
The jackal barks!
The kobold throws a stone.
The stone misses you. The jackal misses you.
Found a twisted beryl amulet.
The ball python bites you. The ball python closely misses you.
The jackal barely misses you.
You hit the jackal but do no damage. You closely miss the ball python.
The jackal barely misses you. The ball python closely misses you.
The ball python barely misses you.
You closely miss the jackal. You hit the ball python.
The jackal closely misses you. The ball python bites you.
The ball python grabs you. The ball python constricts you.
The jackal bites you but does no damage.
You barely miss the jackal. You barely miss the ball python.
The ball python bites you but does no damage.
The ball python constricts you. The ball python closely misses you.
The ball python constricts you.
You hit the giant cockroach but do no damage.
You hit the jackal but do no damage. You barely miss the ball python.
The jackal bites you. The giant cockroach bites you.
The ball python bites you but does no damage.
The ball python constricts you. The jackal bites you.
* * * LOW HITPOINT WARNING * * *
You hit the giant cockroach.
The giant cockroach is almost dead.
You hit the jackal but do no damage.
You hit the ball python but do no damage.
The giant cockroach bites you but does no damage.
The ball python bites you.
* * * LOW HITPOINT WARNING * * *
The ball python constricts you. The jackal closely misses you.
You closely miss the giant cockroach.
The giant cockroach is almost dead.
You closely miss the jackal. You barely miss the ball python.
The ball python closely misses you. The ball python constricts you.
* * * LOW HITPOINT WARNING * * *
The giant cockroach barely misses you. The jackal bites you.
* * * LOW HITPOINT WARNING * * *
The jackal bites you.
You die...

#......###...†.##
....~~~~ #..
#..........#
♣.....P.
....##..†....##.#
######+#
.......†.....# ...
...:.......#.# #.#
.............# .#.#
..........hh.#..".#
.........KSB#......
..........#@h...#l#
........#.#..!.....
[.......h.#........
...J#..............
.......#####......
..... ...... ####..
#.


You could see 3 jackals, a giant cockroach, a ball python and a kobold.

Vanquished Creatures
  A ball python (D:1)
  2 hobgoblins (D:1)
  A jackal (D:1)
  A frilled lizard (D:1)
  A rat (D:1)
6 creatures vanquished.

Notes
Turn   | Place    | Note
-------+----------+-------------------------------------------
     0 | D:1      | gzilladon the Hill Orc Monk began the quest for the Orb.
     0 | D:1      | Reached XP level 1. HP: 19/19 MP: 1/1
    62 | D:1      | Reached XP level 2. HP: 14/27 MP: 2/2
    75 | D:1      | HP: 1/27 [jackal (1)]
    75 | D:1      | Slain by a jackal

Illustrated notes

Levels and vault maps discovered:
D:1:      tarquinn_simple_flora_water_c, layout_basic, basic_ecumenical_altar,
          glass_columns_b

Skill      XL: |  1 |
---------------+----+-----
Fighting       | 4 |  4.0
Axes           | |  4.1
Dodging        | |  2.5
Stealth        | |  1.5

Action                   || total
-------------------------++-------
Melee: Hand axe          ||    17
Armor: Robe              ||     5
Dodge: Dodged            ||    20
